 Dungeon Crawl Stone Soup version 0.31-a0-233-g139696dc86 (webtiles) character file.

Game seed: 18369862488081298592

2157086 aesen the Eclecticist (level 26, 197/217 HPs)
             Began as a Grey Draconian Reaver on June 14, 2023.
             Was a High Priest of Sif Muna.
             Escaped with the Orb
             ... and 4 runes on July 9, 2023!
             The game lasted 05:43:23 (78302 turns).

aesen the Eclecticist (Grey Draconian Reaver)      Turns: 78302, Time: 05:43:24

Health: 197/217    AC: 33    Str: 16    XL:     26   Next: 43%
Magic:  47/57      EV: 16    Int: 37    God:    Sif Muna [*****.]
Gold:   3999       SH: 18    Dex: 12    Spells: 2/65 levels left

rFire   + . .        a - +1 scimitar of Prudence {flame, rF+ Will+ Int+2}
rCold   + + .        Y - +5 kite shield {rPois}
rNeg    + + +        (body armour unavailable)
rPois   ∞            m - +3 hat of Pondering {ponderous, Will+ MP+10 Int+5}
rElec   +            c - +0 cloak of the Shoals {rC+}
rCorr   .            z - +2 pair of gloves {hurl}
SInv    .            p - +2 pair of boots {Fly}
Will    +++++        y - amulet of magic regeneration
Stlth   +            D - ring "Weug" {Wiz Dex+2}
HPRegen 0.56/turn    P - ring of Amelioration {Drain rElec Will+ Str-2 Int+8}
MPRegen 0.75/turn

%: wizardry (x1)
@: lich-form, flying, slow
A: draining attack, torment immunity, no potions, AC +17, amphibious, unfitting
armour, cold-blooded
0: Orb of Zot
}: 4/15 runes: decaying, serpentine, slimy, silver
a: End Transformation, Renounce Religion, Channel Magic, Forget Spell, Divine
Exegesis


You escaped.
You worshipped Sif Muna.
Sif Muna was extremely pleased with you.
You were an undead lich.
You visited 12 branches of the dungeon, and saw 55 of its levels.
You also visited: Gauntlet and Wizlab.

You collected 7200 gold pieces.
You spent 3201 gold pieces at shops.

Inventory:

Hand Weapons
 a - the +1 scimitar of Prudence (weapon) {flame, rF+ Will+ Int+2}
   (You took it off a deep elf sorcerer on level 3 of the Elven Halls)

   Int:       It affects your intelligence (+2).
   rF:        It protects you from fire.
   Will:      It increases your willpower.
Missiles
 e - 2 curare-tipped darts
 r - 5 throwing nets
Armour
 c - the +0 cloak of the Shoals (worn) {rC+}
   (You acquired it on level 5 of the Vaults)

   rC:        It protects you from cold.
 m - the +3 hat of Pondering (worn) {ponderous, Will+ MP+10 Int+5}
   (You found it on level 5 of the Pits of Slime)

   Int:       It affects your intelligence (+5).
   MP:        It affects your magic capacity (+10).
   Will:      It increases your willpower.
 p - a +2 pair of boots of flying (worn)
 t - the +1 pair of gloves of Sif Muna's Benevolence {rF- Int+6}
   (You found it in a Gauntlet)

   Int:       It affects your intelligence (+6).
   rF:        It makes you vulnerable to fire.
 z - a +2 pair of gloves of hurling (worn)
 Y - a +5 kite shield of poison resistance (worn)
Magical Staves
 b - a staff of earth
Jewellery
 j - a ring of see invisible
 n - the ring of Xonino {rF+ rN+ rCorr AC+4 Int-5 Stlth+}
   (You found it on level 5 of the Lair of Beasts)

   [ring of protection]

   AC:        It affects your AC (+4).
   Int:       It affects your intelligence (-5).
   rF:        It protects you from fire.
   rN:        It protects you from negative energy.
   rCorr:     It protects you from acid and corrosion.
   Stlth:     It makes you more stealthy.
 o - the amulet "Firhaurgh" {Reflect Dex+3 SH+5}
   (You acquired it on level 1 of the Elven Halls)

   [amulet of reflection]

   It reflects blocked missile attacks.
   Dex:       It affects your dexterity (+3).
   SH:        It affects your SH (+5).
 y - an amulet of magic regeneration (around neck)
 D - the ring "Weug" (left hand) {Wiz Dex+2}
   (You took it off a deep elf annihilator on level 3 of the Elven Halls)

   [ring of wizardry]

   It improves your spell success rate.
   Dex:       It affects your dexterity (+2).
 P - the ring of Amelioration (right hand) {Drain rElec Will+ Str-2 Int+8}
   (You took it off a deep elf high priest on level 3 of the Elven Halls)

   [ring of willpower]

   Str:       It affects your strength (-2).
   Int:       It affects your intelligence (+8).
   rElec:     It insulates you from electricity.
   Drain:     It drains your maximum health when unequipped.
   Will:      It increases your willpower.
Wands
 u - a wand of polymorph (63)
 x - a wand of paralysis (32)
 G - a wand of quicksilver (37)
 O - a wand of digging (29)
 V - a wand of iceblast (9)
Scrolls
 d - 9 scrolls of teleportation
 s - 2 scrolls of enchant armour
 v - a scroll of torment
 w - 2 scrolls of blinking
 A - 9 scrolls of poison
 C - 2 scrolls of summoning
 E - 4 scrolls of vulnerability
 K - 10 scrolls of fog
 R - a scroll of silence
 T - 4 scrolls of fear
 Z - 8 scrolls of immolation
Potions
 f - 22 potions of curing
 g - 6 potions of invisibility
 h - 4 potions of ambrosia
 i - 11 potions of mutation
 l - a potion of brilliance
 q - 2 potions of resistance
 B - 8 potions of enlightenment
 F - 2 potions of berserk rage
 L - 3 potions of heal wounds
 M - a potion of magic
 N - 13 potions of lignification
 S - 4 potions of cancellation
 X - 3 potions of haste
Miscellaneous
 k - a sack of spiders
 H - a condenser vane
 I - a phial of floods
 J - a phantom mirror
 W - a lightning rod (4/4)


   Skills:
 - Level 14.0 Fighting
 - Level 5.0 Maces & Flails
 - Level 3.0 Polearms
 - Level 12.0 Dodging
 - Level 1.0 Stealth
 - Level 15.0 Shields
 + Level 20.0 Spellcasting
 - Level 14.0 Conjurations
 - Level 2.0 Hexes
 - Level 18.0 Necromancy
 - Level 6.0 Translocations
 - Level 14.0 Transmutations
 - Level 4.0 Fire Magic
 - Level 14.4 Ice Magic
 - Level 10.5 Air Magic
 - Level 16.0 Earth Magic
 - Level 8.0 Poison Magic
 - Level 14.0 Invocations
 - Level 10.0 Evocations


You had 2 spell levels left.
You knew the following spells:

 Your Spells              Type           Power      Damage    Failure   Level
a - Lehudib's Crystal Sp  Conj/Erth      49%        10d12     8%          8
b - Death Channel         Necr           65%        N/A       1%          6
c - Freezing Cloud        Conj/Ice/Air   46%        6-21      1%          5
e - Stone Arrow           Conj/Erth      100%       3d13      0%          3
g - Simulacrum            Ice/Necr       62%        N/A       1%          6
h - Leda's Unmaking       Conj/Erth      49%        9d8       1%          6
i - Ignite Poison         Fire/Tmut/Pois 79%        N/A       1%          3
A - Apportation           Tloc           100%       N/A       1%          1
B - Blink                 Tloc           100%       N/A       1%          2
C - Borgnjor's Vile Clut  Necr/Erth      63%        N/A       1%          5
D - Dispel Undead         Necr           100%       3d31      0%          4
L - Necromutation         Tmut/Necr      62%        N/A       4%          8
T - Olgreb's Toxic Radia  Pois           77%        N/A       1%          4
W - Passwall              Tmut/Erth      82%        N/A       0%          2

Your spell library contained the following spells:

 Spells                   Type           Power      Damage    Failure   Level
 Beastly Appendage        Tmut           100%       N/A       0%          1
 Freeze                   Ice            100%       1d10      0%          1
 Kiss of Death            Conj/Necr      100%       2d13      0%          1
 Magic Dart               Conj           100%       1d8       0%          1
 Necrotise                Necr           100%       1d9       0%          1
 Sandblast                Erth           100%       2d20      0%          1
 Shock                    Conj/Air       100%       1d9       0%          1
 Sting                    Tmut/Pois      100%       1d8       0%          1
 Cigotuvi's Dreadful Rot  Necr/Pois/Air  100%       N/A       0%          2
 Searing Ray              Conj           100%       2d8       0%          2
 Static Discharge         Conj/Air       100%       2-7/arc   0%          2
 Sublimation of Blood     Necr           100%       N/A       0%          2
 Wereblood                Tmut           96%        N/A       0%          2
 Foxfire                  Conj/Fire      100%       2x1d9     1%          1
 Slow                     Hex            100%       N/A       1%          1
 Summon Small Mammal      Summ           100%       N/A       1%          1
 Ensorcelled Hibernation  Hex/Ice        100%       N/A       1%          2
 Lesser Beckoning         Tloc           100%       N/A       1%          2
 Momentum Strike          Conj/Tloc      100%       3d10      1%          2
 Poisonous Vapours        Pois/Air       100%       N/A       1%          2
 Frozen Ramparts          Ice            100%       1d16      0%          3
 Hailstorm                Conj/Ice       97%        3d19      0%          3
 Ozocubu's Armour         Ice            97%        N/A       0%          3
 Vampiric Draining        Necr           100%       2d13      0%          3
 Animate Dead             Necr           100%       N/A       0%          4
 Agony                    Necr           100%       N/A       0%          5
 Call Canine Familiar     Summ           37%        N/A       1%          3
 Confusing Touch          Hex            51%        N/A       1%          3
 Dazzling Flash           Conj/Hex       100%       N/A       1%          3
 Gell's Gravitas          Tloc           69%        N/A       1%          3
 Inner Flame              Hex/Fire       56%        N/A       1%          3
 Mephitic Cloud           Conj/Pois/Air  87%        N/A       1%          3
 Portal Projectile        Hex/Tloc       100%       N/A       1%          3
 Spider Form              Tmut/Pois      87%        N/A       1%          3
 Summon Guardian Golem    Hex/Summ       44%        N/A       1%          3
 Swiftness                Air            86%        N/A       1%          3
 Teleport Other           Tloc           69%        N/A       1%          3
 Tukima's Dance           Hex            51%        N/A       1%          3
 Volatile Blastmotes      Fire/Tloc      100%       2d18      1%          3
 Airstrike                Air            43%        2d(7-23)  1%          4
 Anguish                  Hex/Necr       52%        N/A       1%          4
 Flame Wave               Conj/Fire      80%        2d17      1%          4
 Fulminant Prism          Conj/Hex       38%        3d17      1%          4
 Ice Form                 Ice/Tmut       97%        N/A       1%          4
 Iskenderun's Mystic Bla  Conj/Tloc      84%        2d17      1%          4
 Leda's Liquefaction      Hex/Erth       40%        N/A       1%          4
 Manifold Assault         Tloc           69%        N/A       1%          4
 Passage of Golubria      Tloc           69%        N/A       1%          4
 Petrify                  Tmut/Erth      99%        N/A       1%          4
 Sticky Flame             Conj/Fire      80%        2d9       1%          4
 Summon Ice Beast         Ice/Summ       74%        N/A       1%          4
 Summon Lightning Spire   Summ/Air       66%        N/A       1%          4
 Alistair's Intoxication  Tmut/Pois      58%        N/A       1%          5
 Arcjolt                  Conj/Air       45%        1d55      1%          5
 Blade Hands              Tmut           48%        N/A       1%          5
 Fireball                 Conj/Fire      40%        3d16      1%          5
 Irradiate                Conj/Tmut      48%        3d27      1%          5
 Iskenderun's Battlesphe  Conj           96%        2d14      1%          5
 Lee's Rapid Deconstruct  Erth           50%        3d24*     1%          5
 Metabolic Englaciation   Hex/Ice        39%        N/A       1%          5
 Silence                  Hex/Air        35%        N/A       1%          5
 Yara's Violent Unravell  Hex/Tmut       38%        3d15      1%          5
 Conjure Ball Lightning   Conj/Air       45%        3x3d16    1%          6
 Eringya's Noxious Bog    Tmut/Pois      43%        4d6       1%          6
 Starburst                Conj/Fire      40%        6d11      1%          6
 Statue Form              Tmut/Erth      66%        N/A       1%          6
 Dragon Form              Tmut           48%        N/A       1%          7
 Orb of Destruction       Conj           48%        9d13      1%          7
 Ozocubu's Refrigeration  Ice            48%        4d18      1%          7
 Cause Fear               Hex            25%        N/A       2%          4
 Storm Form               Tmut/Air       45%        N/A       2%          7
 Borgnjor's Revivificati  Necr           65%        N/A       2%          8
 Infestation              Necr           65%        N/A       2%          8
 Plasma Beam              Fire/Air       37%        2x1d50    4%          6
 Summon Mana Viper        Hex/Summ       44%        N/A       10%         5
 Haunt                    Necr/Summ      50%        N/A       11%         7
 Spellforged Servitor     Conj/Summ      36%        N/A       24%         7
 Death's Door             Necr           65%        N/A       32%         9
 Maxwell's Capacitive Co  Air            43%        ∞         41%         8
 Shatter                  Erth           50%        3d38*     56%         9
 Malign Gateway           Summ/Tloc      28%        N/A       75%         7
 Polar Vortex             Ice            48%        12d6*     77%         9
 Disjunction              Tloc           34%        N/A       94%         8
 Chain Lightning          Conj/Air       45%        3d60      96%         9
 Summon Hydra             Summ           18%        N/A       98%         7
 Ignition                 Fire           30%        3d10      99%         8
 Discord                  Hex            25%        N/A       100%        8
 Dragon's Call            Summ           18%        N/A       100%        9
 Fire Storm               Conj/Fire      40%        8d10      100%        9
 Animate Armour           Summ/Erth      Unusable   N/A       N/A         4

Dungeon Overview and Level Annotations

Branches:
Dungeon (15/15)            Temple (1/1) D:4            Lair (5/5) D:9
  Swamp (4/4) Lair:3        Snake (4/4) Lair:2        Slime (5/5) Lair:4
    Orc (2/2) D:10            Elf (3/3) Orc:2        Vaults (5/5) D:14
  Crypt (2/3) Vaults:2     Depths (4/4) D:15            Zot (5/5) Depths:4
 WizLab (visited)         Gauntlet (visited)

Altars:
Ashenzari
Cheibriados
Dithmenos
Elyvilon
Fedhas
Gozag
Hepliaklqana
Kikubaaqudgha
Makhleb
Nemelex Xobeh
Okawaru
Qazlal
Ru
Sif Muna
Trog
Uskayaw
Vehumet
Wu Jian
Xom
Yredelemnul
Zin
The Shining One
Jiyva
Lugonu

Shops:
D:10 [   Orc:1 *   Orc:2 :*!(   Snake:2 *   Snake:4 =   Depths:1 *

Portals:
Hell: Depths:1 Depths:2 Depths:3 Depths:4
Abyss: Lair:5 Depths:1 Depths:3 Depths:4
Pandemonium: Depths:2 Depths:3
Ziggurat: Depths:4
Trove: Vaults:1 (give horn of Geryon)

Annotations:
Swamp:3 2 transporters
Slime:2 exclusion: upstairs
Elf:1 4 runed translucent doors
Elf:2 4 runed translucent doors, NigelTetley's ghost, adept OpTm
Vaults:2 exclusion: door
Depths:4 exclusions: 2 caustic shrikes and 2 draconian stormcallers
Zot:1 2 transporters, exclusion: orange crystal statue
Zot:5 1 exclusion


Innate Abilities, Weirdness & Mutations

You are an undead lich.
Your unarmed attacks are suffused with negative energy.
You are immune to unholy pain and torment.
Your necromantic spells are more powerful.
You cannot drink.
You are immune to poison.
Your dull iron-grey scales are very hard. (AC +17)
You are amphibious.
You cannot fit into any form of body armour.
You are cold-blooded and may be slowed by cold attacks.


Message History

Where to? (Enter - D:1 @ (x,y), ? - help)
What level of the Dungeon? (default 1, ? - help)
There is some mud, summoned here.
There is some mud, summoned here.
There is a stone staircase leading up here.
You hear a grinding noise.
You fly upwards.
There is a stone staircase leading down here.
There is a stone staircase leading up here.
You fly upwards.
There is a stone staircase leading down here.
There is an open door here.
Magic restored.
There is an open door here.
An Executioner comes into view.
The Executioner gives a hideous shriek!
Danger!
The Executioner gestures.
The Executioner seems to speed up.
There is a large open door here.
The entropic shot hits the Executioner!!
The Executioner is heavily wounded.
You block the Executioner's attack. x2; The Executioner barely misses you.
The Executioner closely misses you. You block the Executioner's attack.
The Executioner hits you but does no damage.
The Executioner misses you. You block the Executioner's attack.
The Executioner hits you but does no damage.
Casting: Leda's Unmaking (mildly dangerous; 1% risk of failure)
Confirm with . or Enter, or press ? or * to list all spells.
Aiming: Lehudib's Crystal Spear (dangerous; 8% risk of failure)
Press: ? - help, Shift-Dir - straight line, f/p - Executioner
Aim: an Executioner (moderately wounded, fast, 70% to hit)
The crystal spear hits the Executioner!!!
You kill the Executioner!
Sif Muna accepts your kill.
Training target 14.0 for Conjurations reached!
Your Conjurations skill increases to level 14!
You need to enable at least one skill for training.
There is a staircase leading out of the dungeon here.
You have escaped!

.....≈≈≈~≈≈≈≈≈≈≈≈≈≈≈~≈≈≈≈≈≈≈.....
.....~≈≈≈≈≈≈≈≈≈≈≈≈≈≈≈≈≈≈≈≈≈~.....
.....~≈≈#'#'#≈≈≈≈≈≈≈#'#'#≈≈≈.....
.#...~~≈'...##'###'##...'≈≈~.....
.#...~≈≈'...'.......'...'≈≈~.....
.....≈≈≈#'###.#####.###'#≈~~.....
##...~≈≈≈≈'...#...#...#≈≈≈≈....#.
##...~~≈≈≈#.###...'.⌠.'≈~~..⌠..#.
.....~≈≈≈≈#.###.L.'.⌠.'~≈~..⌠..#.
#....~≈≈≈≈'...#...#...#≈≈~~......
.....≈≈≈#'###.#####.#'#+#≈≈~.....
.....~≈≈+...#.......#...'≈≈~.....
##...≈≈≈+>..##'###'##..)'≈≈~.....
#...~≈≈#'#'#≈≈≈≈≈≈≈#+#'#≈≈≈...#.
#...~≈≈≈≈≈≈≈≈≈≈≈≈≈≈≈≈≈≈≈≈≈~...#.
#...~≈≈≈≈≈≈≈≈≈≈≈≈≈≈≈≈≈≈≈≈≈~...#.
#...~≈~~≈≈≈~~~~~~≈~≈~~~~≈~~...#.


There were no monsters in sight!

Vanquished Creatures
  the Royal Jelly (Slime:5)
  An ancient lich (Zot:5)
  2 dread liches (Zot:5)
  6 orbs of fire (Zot:5)
  Vv (Zot:1)
  A shard shrike (shapeshifter) (Vaults:5)
  Vashnia (Snake:4)
  4 curse toes
  2 Killer Klowns (Zot:5)
  Saint Roka (Snake:4)
  A caustic shrike (Depths:4)
  7 golden dragons
  Nikola (Swamp:1)
  A Brimstone Fiend (D:3)
  An electric golem (Zot:5)
  Zenata (Elf:3)
  6 tentacled monstrosities
  The ghost of Esmu the Warrior, an adept MiFi of Okawaru (Elf:3)
  9 Orb Guardians
  A lich (Vaults:2)
  Asterion (Elf:2)
  3 deep elf blademasters
  3 titans
  2 deep elf master archers (Elf:3)
  4 quicksilver dragons
  9 death cobs
  5 acid blobs
  3 ancient champions (Crypt:1)
  6 shadow dragons
  2 Executioners
  Agnes (Elf:1)
  4 sphinxes
  3 tengu reavers
  6 storm dragons
  2 nagarajas
  2 fire giants
  2 fenstrider witches (Swamp:3)
  6 draconian monks
  Roxanne (Snake:4)
  A rockslime (Slime:1)
  2 revenants (Crypt:1)
  10 deep elf sorcerers
  7 draconian knights
  2 frost giants
  19 vault wardens
  2 azure jellies (Slime:5)
  A ghost moth (Zot:5)
  A curse skull (Crypt:1)
  The ghost of PostNTower the Brawler, a journeyman DrTm of Hepliaklqana (Orc:2)
  A caustic shrike zombie (WizLab)
  2 deep elf elementalists (Elf:3)
  A spriggan defender (Depths:2)
  A draconian annihilator (Zot:4)
  3 war gargoyles
  4 ironbound thunderhulks
  4 quicksilver oozes
  13 ironbound preservers
  A juggernaut zombie (Crypt:1)
  2 draconian stormcallers
  7 stone giants
  5 very ugly things
  4 deep elf demonologists
  A formless jellyfish (Vaults:4)
  6 green draconians
  3 eleionomae
  4 vampire knights
  8 deep elf annihilators
  4 dire elephants
  A white draconian (Zot:1)
  Azrael (D:15)
  7 yellow draconians
  3 purple draconians
  3 black draconians
  7 red draconians
  3 bunyips
  The ghost of Arhieg the Fighter, a journeyman DsBe of Trog (Orc:1)
  An eidolon (Crypt:1)
  6 ettins
  4 fire dragons
  5 deep elf death magi
  5 jiangshi
  5 yaktaur captains
  2 deep elf high priests (Elf:3)
  A quicksilver dragon zombie (Crypt:1)
  An entropy weaver (Vaults:2)
  6 great orbs of eyes
  Harold (D:11)
  An anaconda (shapeshifter) (Vaults:4)
  2 peacekeepers
  3 salamander tyrants
  16 vault guards
  2 ice dragons (Depths:2)
  2 catoblepae
  12 hydras
  2 spriggan air magi
  A ghost crab (Swamp:1)
  5 ironbound frosthearts
  Erica (Orc:1)
  10 dancing weapons
  4 two-headed ogres
  7 boulder beetles
  8 centaur warriors
  2 alligators
  6 anacondas
  10 naga warriors
  3 tengu warriors
  2 deep troll earth magi
  Urug (D:13)
  2 deep troll shamans (Depths:2)
  3 orc high priests (Orc:2)
  3 thrashing horrors (Lair:5)
  13 naga sharpshooters
  2 spriggan berserkers
  8 deep elf knights
  Sonja (Lair:5)
  7 shock serpents
  A titan zombie (Crypt:1)
  Nergalle (Lair:1)
  A storm dragon zombie (Depths:1)
  A soul eater (Crypt:1)
  2 hell knights
  A skyshark (Lair:5)
  A shadow wraith (Crypt:2)
  A skyshark (shapeshifter) (D:14)
  4 salamander mystics (Snake:4)
  17 skeletal warriors
  32 deep trolls
  2 spriggan druids
  3 swamp dragons
  6 goliath frogs
  3 sea snakes
  A shadow demon (Zot:5)
  2 flayed ghosts (Depths:1)
  A sea snake (shapeshifter) (Vaults:5)
  13 deep elf archers
  A glowing orange brain (shapeshifter) (Vaults:5)
  16 ironbound convokers
  22 wizards
  11 phantasmal warriors
  8 lindwurms
  3 naga ritualists
  A lindwurm (shapeshifter) (D:14)
  2 bog bodies
  20 deep elf zephyrmancers
  A mana viper (shapeshifter) (Vaults:5)
  5 harpies
  A golden dragon skeleton (Depths:1)
  5 orc knights
  21 deep elf pyromancers
  3 necromancers
  11 mana vipers
  A steelbarb worm (shapeshifter) (Vaults:5)
  A wolf spider zombie (D:14)
  3 stone giant zombies
  5 orc sorcerers
  A shining eye (Slime:1)
  7 manticores
  29 ugly things
  4 will-o-the-wisps
  A goliath frog skeleton (Crypt:2)
  14 salamanders
  6 cyclopes
  4 elephants (Lair:3)
  10 moths of wrath
  5 oklob plants (Lair:4)
  2 centaur zombies (D:14)
  11 naga magi
  A shock serpent zombie (Crypt:2)
  An eleionoma skeleton (Crypt:1)
  6 guardian serpents
  13 vault sentinels
  24 black mambas
  2 gargoyles
  A frost giant skeleton (Depths:1)
  An eye of devastation (D:10)
  2 torpor snails
  A grey draconian zombie (Crypt:1)
  Maggie (D:8)
  12 cane toads
  2 spriggan zombies
  4 komodo dragons
  6 unseen horrors
  A rime drake (Lair:4)
  2 kobold demonologists
  3 freezing wraiths
  2 efreet
  2 komodo dragons (shapeshifter)
  A purple draconian skeleton (Crypt:1)
  25 yaktaurs
  4 tengu conjurers
  A red devil (D:9)
  An ancient zyme (Lair:5)
  2 meliai (shapeshifter)
  6 hornets
  10 trolls
  5 polar bears
  2 hornets (shapeshifter)
  A tyrant leech (Swamp:2)
  40 blink frogs
  An ettin zombie (Crypt:2)
  3 centaur simulacra
  12 spriggans
  2 air elementals
  A flying skull (Crypt:1)
  4 water elementals
  21 slime creatures
  2 ynoxinuls (Lair:5)
  2 vampires (D:14)
  3 shadows
  11 wraiths
  9 basilisks
  7 wyverns
  A fire dragon skeleton (Crypt:1)
  60 yaks
  2 fire bats (Depths:1)
  A chaos spawn (Lair:5)
  A minotaur simulacrum (Crypt:1)
  The ghost of t4s4d4r the Cudgeller, an amateur DgFi (D:3)
  An ettin skeleton (Crypt:1)
  2 fire elementals (D:15)
  2 steam dragons
  3 redbacks (Vaults:2)
  3 wargs
  8 vampire mosquitoes
  11 swamp worms
  38 nagas
  An acid dragon (shapeshifter) (Lair:5)
  A spriggan simulacrum (Depths:1)
  A water moccasin (shapeshifter) (Depths:2)
  14 water moccasins
  2 floating eyes
  10 hell hounds
  3 large abominations (Lair:5)
  4 swamp drakes
  A black bear (shapeshifter) (Lair:5)
  2 black bears (D:8)
  27 orc warriors
  A sky beast (D:9)
  8 boggarts
  20 centaurs
  5 ogres
  12 wolves
  2 phantoms
  11 small abominations (Lair:5)
  A kobold brigand (D:8)
  3 gnoll sergeants
  17 bullfrogs
  2 earth elementals
  6 wights
  3 electric eels
  10 howler monkeys
  3 bullfrog zombies (D:3)
  3 jellies
  14 orc priests
  12 hounds
  A bullfrog skeleton (D:3)
  An iron imp (Crypt:2)
  2 iguanas
  Ijyb (D:3)
  18 orc wizards
  A sleepcap (D:6)
  An ogre zombie (Crypt:1)
  A mummy (D:3)
  A boggart simulacrum (D:15)
  A hound skeleton (Crypt:1)
  2 adders
  17 gnolls
  3 white imps
  2 ufetubi (D:5)
  An iguana zombie (Crypt:1)
  A worm (shapeshifter) (D:14)
  4 worms
  65 orcs
  5 ball pythons
  3 bats
  5 endoplasms
  A giant cockroach (D:3)
  16 goblins
  3 hobgoblins
  8 jackals
  2 quokkas
  3 frilled lizards
  2 kobolds
  3 rats
1534 creatures vanquished.

Vanquished Creatures (collateral kills)
  2 orbs of fire (Zot:5)
  Mara (Depths:3)
  A Killer Klown (Zot:5)
  4 caustic shrikes (Depths:4)
  8 golden dragons
  A bone dragon (Depths:4)
  10 tentacled monstrosities
  15 Orb Guardians (Zot:5)
  A lich (Depths:2)
  A walking divine tome (Depths:2)
  3 quicksilver dragons
  7 titans
  A death cob (Zot:4)
  11 acid blobs
  3 sphinxes
  3 tengu reavers
  Donald (Snake:1)
  2 fenstrider witches (Swamp:3)
  15 shadow dragons
  3 rockslimes
  A draconian monk (Zot:5)
  7 storm dragons
  4 azure jellies
  2 draconian knights
  An iron dragon (Depths:2)
  4 frost giants
  9 vault wardens
  4 fire giants
  A ghost moth (shapeshifter) (Depths:3)
  A draconian scorcher (Depths:4)
  3 draconian shifters
  2 ghost moths
  2 draconian annihilators
  A ghoul (Swamp:4)
  10 ironbound preservers
  4 very ugly things
  3 draconian stormcallers
  A war gargoyle (Vaults:5)
  7 quicksilver oozes
  3 ironbound thunderhulks
  10 stone giants
  4 green draconians
  An eleionoma (Swamp:3)
  8 black draconians
  9 white draconians
  A deep elf demonologist (Vaults:5)
  7 spark wasps
  3 purple draconians
  6 yellow draconians
  A minotaur (Gauntlet)
  6 red draconians
  A deep elf annihilator (Vaults:5)
  9 ettins
  3 fire dragons
  A deep elf high priest (Vaults:5)
  6 yaktaur captains
  A shambling mangrove (Swamp:4)
  7 great orbs of eyes
  5 ice dragons
  A salamander tyrant (Snake:4)
  2 rakshasas
  10 hydras
  A peacekeeper (Vaults:1)
  An ironbound frostheart (Vaults:4)
  A spriggan air mage (Depths:3)
  22 vault guards
  2 alligators
  4 anacondas (Snake:4)
  8 deep troll shamans
  3 naga warriors (Snake:4)
  3 tengu warriors
  5 deep troll earth magi
  A vampire mage (Depths:3)
  A deep elf knight (Vaults:5)
  4 spriggan berserkers
  4 salamander mystics (Snake:4)
  A naga sharpshooter (Snake:4)
  A goliath frog (shapeshifter) (Vaults:5)
  3 goliath frogs
  A skyshark (shapeshifter) (Vaults:5)
  6 iron trolls
  4 flayed ghosts (Vaults:5)
  8 swamp dragons
  3 glowing orange brains
  A death drake (Gauntlet)
  A spriggan rider (Depths:3)
  37 deep trolls
  2 wizards
  A spriggan druid (Swamp:4)
  A deep elf zephyrmancer (Vaults:5)
  3 lindwurms
  9 bog bodies (Swamp:4)
  4 necromancers
  A swamp dragon (shapeshifter) (Vaults:5)
  A phantasmal warrior (Vaults:5)
  A wolf spider zombie (Gauntlet)
  An orc knight (Vaults:5)
  5 ironbound convokers
  10 ugly things
  7 salamanders
  3 shining eyes
  3 will-o-the-wisps
  4 mana vipers (Snake:4)
  A spectral centaur (Gauntlet)
  2 fire giant skeletons (Depths:1)
  11 moths of wrath
  9 vault sentinels
  A centaur zombie (Gauntlet)
  3 black mambas (Snake:4)
  2 eyes of devastation (Slime:5)
  2 guardian serpents (Snake:4)
  A stone giant skeleton (Vaults:4)
  An unseen horror (Crypt:1)
  7 yaktaurs
  3 tengu conjurers
  A freezing wraith (Vaults:5)
  A troll (Vaults:5)
  A wind drake (shapeshifter) (Vaults:5)
  4 tyrant leeches (Swamp:3)
  3 hornets
  51 slime creatures
  2 stone giant simulacra
  A culicivora (shapeshifter) (Depths:3)
  2 spriggan skeletons (Depths:1)
  2 spriggans
  A golden eye (Slime:5)
  2 vampire mosquitoes (Swamp:3)
  2 swamp worms (Swamp:4)
  A water moccasin (shapeshifter) (Vaults:5)
  A glowing shapeshifter skeleton (Vaults:4)
  A hell hound (Zot:5)
  An orc warrior (Vaults:5)
  7 swamp drakes
  A human skeleton (Vaults:4)
  2 necrophages (Swamp:4)
577 creatures vanquished.

Vanquished Creatures (others)
  An Orb Guardian (Zot:5)
  A deep elf sorcerer (Vaults:5)
  A ghost moth (Zot:3)
  An ironbound preserver (Vaults:3)
  A deep elf death mage (Elf:3)
  A wizard (Vaults:1)
  A bloated husk (Swamp:1)
  An orc priest (Orc:2)
  An orc (D:9)
  5 foxfires
14 creatures vanquished.

Grand Total: 2125 creatures vanquished

Notes
Turn   | Place    | Note
-------+----------+-------------------------------------------
     0 | D:1      | aesen the Draconian Reaver began the quest for the Orb.
     0 | D:1      | Reached XP level 1. HP: 17/17 MP: 3/3
   639 | D:1      | Reached XP level 2. HP: 22/25 MP: 5/5
  1000 | D:2      | Reached skill level 1 in Stealth
  1409 | D:2      | Learned a level 2 spell: Momentum Strike
  1624 | D:2      | Found a snail-covered altar of Cheibriados.
  1758 | D:3      | Reached XP level 3. HP: 31/31 MP: 6/6
  1766 | D:3      | Learned a level 3 spell: Stone Arrow
  2012 | D:3      | Found a white marble altar of Elyvilon.
  2144 | D:3      | Found a transporter.
  2147 | D:3      | Noticed t4s4d4r's ghost (amateur DgFi)
  2150 | D:3      | Found a transporter.
  2215 | D:3      | Reached skill level 1 in Earth Magic
  2514 | D:3      | Noticed Ijyb
  2681 | D:3      | Reached skill level 3 in Spellcasting
  2681 | D:3      | Reached XP level 4. HP: 30/38 MP: 8/8
  2884 | D:4      | Found a staircase to the Ecumenical Temple.
  2895 | Temple   | Entered the Ecumenical Temple
  3031 | Temple   | Became a worshipper of Sif Muna the Loreminder
  3466 | D:4      | Reached XP level 5. HP: 42/45 MP: 9/9
  3503 | D:4      | Found a hazy altar of Hepliaklqana.
  3658 | D:4      | Found a broken altar of Ashenzari.
  3706 | D:4      | Noticed an orc warrior
  3818 | D:4      | Found a glowing silver altar of Zin.
  3818 | D:4      | Found a burning altar of Makhleb.
  3819 | D:4      | Noticed a cacodemon
  3819 | D:4      | Noticed an angel
  3889 | D:4      | Found a hide-covered altar of Uskayaw.
  3889 | D:4      | Found a basalt altar of Yredelemnul.
  3918 | D:5      | Entered Level 5 of the Dungeon
  4166 | D:5      | Reached XP level 6. HP: 50/51 MP: 2/10
  4571 | D:5      | Noticed a wyvern
  4752 | D:3      | Killed Ijyb
  4970 | D:5      | Killed a wyvern
  4971 | D:5      | Reached skill level 4 in Spellcasting
  4971 | D:5      | Your scales start taking on a dull iron-grey colour.
  4971 | D:5      | Reached XP level 7. HP: 57/57 MP: 2/14
  4988 | D:5      | Reached skill level 5 in Spellcasting
  4992 | D:5      | Reached * piety under Sif Muna
  5137 | D:5      | Reached skill level 5 in Earth Magic
  5424 | D:5      | Reached skill level 1 in Invocations
  5680 | D:6      | Reached skill level 1 in Shields
  5964 | D:6      | Reached XP level 8. HP: 66/66 MP: 8/15
  6634 | D:7      | Reached skill level 5 in Shields
  6634 | D:7      | Reached skill level 1 in Maces & Flails
  6750 | D:7      | Noticed a brown ugly thing
  6862 | D:7      | Reached skill level 6 in Spellcasting
  7175 | D:7      | Identified the +4 scale mail of Space {rElec rF+ Str+3}
  7381 | D:7      | Identified the +1 leather armour of Arcadian the Good
                  | {Str+4}
  7629 | D:7      | Reached skill level 7 in Spellcasting
  7629 | D:7      | Reached XP level 9. HP: 68/71 MP: 8/19
  7959 | D:8      | Reached skill level 1 in Necromancy
  8065 | D:8      | Reached skill level 5 in Conjurations
  8177 | D:7      | Learned a level 3 spell: Vampiric Draining
  8282 | D:7      | Reached ** piety under Sif Muna
  8403 | D:7      | Reached skill level 8 in Spellcasting
  8415 | D:7      | Reached skill level 1 in Evocations
  9033 | D:8      | Noticed Maggie
  9050 | D:8      | Killed Maggie
  9183 | D:8      | Reached skill level 5 in Fighting
  9272 | D:8      | Reached XP level 10. HP: 81/81 MP: 12/22
  9272 | D:8      | Upgraded the game from 0.31-a0-167-g1c394c0614 to
                  | 0.31-a0-174-g85c54bcb58
  9915 | D:8      | Reached skill level 9 in Spellcasting
  9969 | D:8      | Learned a level 4 spell: Dispel Undead
 10011 | D:8      | Noticed a centaur warrior
 10011 | D:8      | Noticed a deep elf pyromancer
 10025 | D:8      | Noticed a cyclops
 10026 | D:8      | Killed a centaur warrior
 10042 | D:8      | Noticed an eight-headed hydra
 10190 | D:8      | Noticed a death knight
 10872 | D:8      | a death knight changed into a steelbarb worm
 10872 | D:8      | Noticed a steelbarb worm
 10873 | D:8      | a steelbarb worm changed into a two-headed ogre
 10873 | D:8      | Noticed a two-headed ogre
 10878 | D:8      | Killed a two-headed ogre
 11049 | D:8      | Killed an eight-headed hydra
 11050 | D:8      | Reached skill level 5 in Invocations
 11094 | D:8      | Reached skill level 5 in Evocations
 11420 | D:8      | Killed a deep elf pyromancer
 11421 | D:8      | Reached XP level 11. HP: 92/92 MP: 11/24
 11567 | D:8      | Reached skill level 1 in Hexes
 11686 | D:8      | Got Sif Muna's Encyclopedia of Execration
 11911 | D:7      | Killed a brown ugly thing
 12102 | D:3      | Reached skill level 10 in Spellcasting
 12108 | D:3      | Killed t4s4d4r's ghost
 12123 | D:3      | Reached *** piety under Sif Muna
 12263 | D:9      | Noticed Erolcha
 12474 | D:9      | Noticed a five-headed hydra
 12480 | D:9      | Killed a five-headed hydra
 12586 | D:9      | Found a staircase to the Lair.
 12928 | D:9      | Reached skill level 11 in Spellcasting
 13424 | D:9      | Erolcha changed into Erolcha the sky beast
 13424 | D:9      | Noticed Erolcha
 13426 | D:9      | Killed Erolcha the sky beast
 13455 | D:10     | Entered Level 10 of the Dungeon
 13697 | D:10     | Found Xotta's Antique Armour Shoppe.
 13899 | D:10     | Noticed Josephine
 13926 | D:10     | Reached **** piety under Sif Muna
 14166 | D:10     | Josephine changed into Josephine the eye of devastation
 14166 | D:10     | Noticed Josephine
 14171 | D:10     | Noticed a two-headed ogre
 14520 | D:10     | Found a staircase to the Orcish Mines.
 14723 | Lair:1   | Entered Level 1 of the Lair of Beasts
 14732 | Lair:1   | Reached XP level 12. HP: 100/100 MP: 8/27
 15451 | Lair:1   | Noticed Nergalle
 15458 | Lair:1   | Killed Nergalle
 15688 | Lair:1   | Found a hide-covered altar of Uskayaw.
 15972 | Lair:1   | Reached skill level 12 in Spellcasting
 16106 | Lair:1   | Reached skill level 5 in Maces & Flails
 16106 | Lair:1   | Reached skill level 5 in Necromancy
 17273 | Lair:2   | Found a staircase to the Snake Pit.
 17276 | Lair:2   | Found a burning altar of Makhleb.
 17370 | Lair:2   | Noticed a boulder beetle
 17386 | Lair:2   | Killed a boulder beetle
 17706 | Lair:3   | Found a staircase to the Swamp.
 17778 | Lair:3   | Found a gate leading to a gauntlet.
 17787 | Gauntlet | Entered a Gauntlet
 17787 | Gauntlet | Found a transporter.
 17872 | Gauntlet | Found a transporter.
 17874 | Gauntlet | Found a transporter.
 17885 | Gauntlet | Found a transporter.
 17888 | Gauntlet | Found a transporter.
 17896 | Gauntlet | Noticed a hell hog
 17910 | Gauntlet | Found a transporter.
 17917 | Gauntlet | Found a transporter.
 17928 | Gauntlet | Found a transporter.
 17939 | Gauntlet | Found a transporter.
 17958 | Gauntlet | Found a transporter.
 17972 | Gauntlet | Found a transporter.
 17972 | Gauntlet | Found a transporter.
 18020 | Gauntlet | Found a transporter.
 18034 | Gauntlet | Found a transporter.
 18342 | Gauntlet | Identified the +1 pair of gloves of Sif Muna's Benevolence
                  | {rF- Int+6}
 18354 | Gauntlet | Reached ***** piety under Sif Muna
 18354 | Gauntlet | Received a gift from Sif Muna
 18357 | Gauntlet | Got Sif Muna's Discursus on Blistering Putrescence {god
                  | gift}
 18379 | Gauntlet | Noticed a minotaur
 18383 | Gauntlet | Killed a minotaur
 18432 | Lair:3   | Reached XP level 13. HP: 100/107 MP: 19/29
 18547 | D:10     | Bought a runed buckler for 240 gold pieces
 18728 | Lair:3   | Reached skill level 13 in Spellcasting
 18816 | Lair:3   | Got Kutari's Folio of Electricity and the Sphinx
 18836 | Lair:3   | Reached skill level 1 in Poison Magic
 19843 | Lair:3   | Reached skill level 5 in Poison Magic
 20589 | Lair:4   | Learned a level 4 spell: Olgreb's Toxic Radiance
 21104 | Lair:4   | Reached skill level 1 in Translocations
 21471 | Lair:5   | Entered Level 5 of the Lair of Beasts
 21508 | Lair:4   | Learned a level 4 spell: Iskenderun's Mystic Blast
 21836 | Lair:5   | Received a gift from Sif Muna
 21843 | Lair:5   | Learned a level 1 spell: Apportation
 21974 | Lair:5   | Noticed a dire elephant
 22013 | Lair:5   | Killed a dire elephant
 22014 | Lair:5   | Reached skill level 5 in Translocations
 22589 | Lair:5   | Reached XP level 14. HP: 116/116 MP: 21/31
 23664 | Lair:5   | Identified the +10 quarterstaff "Grim Tooth" {protect,
                  | rPois Str+3}
 23875 | Lair:5   | Noticed Sonja
 23879 | Lair:5   | Killed Sonja
 24530 | Lair:5   | Found a corrupted altar of Lugonu.
 24530 | Lair:5   | Found a one-way gate to the infinite horrors of the Abyss.
 24535 | Lair:5   | Identified the ring "Ciys" {MP+9 Int+3}
 24542 | Lair:5   | Identified the ring of Xonino {rF+ rN+ rCorr AC+4 Int-5
                  | Stlth+}
 24853 | D:10     | Killed Josephine the eye of devastation
 24988 | Orc:1    | Entered Level 1 of the Orcish Mines
 25010 | Orc:1    | Reached skill level 14 in Spellcasting
 25045 | Orc:1    | Received a gift from Sif Muna
 25075 | D:10     | Reached skill level 1 in Ice Magic
 25316 | Orc:1    | Got Sif Muna's Lectures on the Tincture {god gift}
 25340 | Orc:1    | Found Zeokuhe's Assorted Antiques.
 25344 | Orc:1    | Reached skill level 1 in Air Magic
 25378 | Orc:1    | Noticed Erica
 25383 | Orc:1    | Killed Erica
 25458 | Orc:1    | Found a runed translucent gate.
 25459 | Orc:1    | Found a runed translucent gate.
 25460 | Orc:1    | Found a runed translucent gate.
 25460 | Orc:1    | Noticed Arhieg's ghost (journeyman DsBe)
 25530 | Orc:1    | Killed Arhieg's ghost
 25544 | Orc:1    | Learned a level 2 spell: Blink
 25564 | Orc:2    | Entered Level 2 of the Orcish Mines
 25826 | Orc:2    | Found a staircase to the Elven Halls.
 26266 | Orc:2    | Found a runed translucent door.
 27092 | Orc:2    | Found Xarghas's Book Shoppe.
 27092 | Orc:2    | Found Moodes's Assorted Antiques.
 27094 | Orc:2    | Found Oguwur's Distillery.
 27094 | Orc:2    | Found Kerghok's Antique Weapon Boutique.
 27105 | Orc:2    | Bought 2 fizzy orange potions for 55 gold pieces
 27136 | Orc:2    | Noticed PostNTower's ghost (journeyman DrTm)
 27162 | Orc:2    | Killed PostNTower's ghost
 27215 | Orc:2    | Bought a masterwork dagger for 189 gold pieces
 27215 | Orc:2    | Identified the +8 dagger "Nuli" {heavy, *Slow Dex+3 SInv}
                  | (You bought it in a shop on level 2 of the Orcish Mines)
 27219 | Orc:2    | Bought a potion of resistance for 150 gold pieces
 27219 | Orc:2    | Bought a potion of degeneration for 15 gold pieces
 27219 | Orc:2    | Bought a potion of lignification for 45 gold pieces
 27219 | Orc:2    | Bought 2 potions of mutation for 240 gold pieces
 27622 | D:11     | Noticed Harold
 27823 | D:11     | Killed Harold
 28349 | D:11     | Reached skill level 5 in Ice Magic
 28532 | D:12     | Received a gift from Sif Muna
 28534 | D:12     | Got Nuofox's Thoughts on the Crevasse {god gift}
 28828 | Orc:2    | Bought 2 potions of enlightenment for 150 gold pieces
 29004 | D:12     | Reached XP level 15. HP: 116/124 MP: 18/33
 29081 | D:12     | Reached skill level 5 in Air Magic
 29933 | D:13     | Noticed Urug
 29955 | D:13     | Reached skill level 10 in Fighting
 30688 | D:13     | Killed Urug
 30903 | D:14     | You fall into a shaft and drop 1 floor!
 30903 | D:15     | Entered Level 15 of the Dungeon
 31433 | D:15     | Noticed Azrael
 32064 | D:14     | Learned a level 5 spell: Freezing Cloud
 32230 | D:14     | Received a gift from Sif Muna
 32231 | D:14     | Got Tosiq's Anthology of Conduction {god gift}
 32630 | D:14     | Found a gate to the Vaults.
 33419 | Snake:1  | Entered Level 1 of the Snake Pit
 34291 | Snake:1  | Reached XP level 16. HP: 130/134 MP: 21/34
 34296 | Snake:1  | Reached skill level 10 in Ice Magic
 34782 | Snake:1  | Paralysed by a naga sharpshooter for 3 turns
 34902 | Snake:1  | Noticed Donald
 34914 | Snake:1  | Killed Donald
 35689 | Snake:2  | Found Taicw's General Store.
 35717 | Snake:2  | Bought a +2 cloak of stealth for 365 gold pieces
 36038 | Snake:2  | Received a gift from Sif Muna
 36039 | Snake:2  | Got Sif Muna's Discursus on the Scorched Swarm {god gift}
 36696 | Snake:2  | Reached skill level 5 in Dodging
 38197 | Snake:4  | Entered Level 4 of the Snake Pit
 38234 | Snake:4  | Received a gift from Sif Muna
 38235 | Snake:4  | Noticed Saint Roka
 38471 | Snake:4  | Found Sohu's Jewellery Boutique.
 38560 | Snake:4  | Bought a ring of willpower for 400 gold pieces
 39881 | Snake:4  | Killed Saint Roka
 40010 | Snake:4  | Got Sif Muna's Atlas of the Quantum Xenolith {god gift}
 40043 | Snake:4  | Noticed Roxanne
 40051 | Snake:4  | Learned a level 5 spell: Lee's Rapid Deconstruction
 40062 | Snake:4  | Killed Roxanne
 40074 | Snake:4  | Learned a level 6 spell: Simulacrum
 40209 | Snake:4  | Reached XP level 17. HP: 104/140 MP: 20/35
 40524 | Snake:4  | Reached skill level 10 in Necromancy
 40728 | Snake:4  | Upgraded the game from 0.31-a0-174-g85c54bcb58 to
                  | 0.31-a0-175-g9f7f995f2b
 40746 | Snake:4  | Noticed Vashnia
 40995 | Snake:3  | Learned a level 5 spell: Borgnjor's Vile Clutch
 41029 | Snake:4  | Killed Vashnia
 41662 | Snake:4  | Reached skill level 1 in Transmutations
 41700 | Snake:4  | Reached skill level 10 in Shields
 41709 | Snake:4  | Received a gift from Sif Muna
 41710 | Snake:4  | Got Teygochi's Encyclopedia of Altered Fumes {god gift}
 42124 | Snake:4  | Got a serpentine rune of Zot
 42405 | Swamp:1  | Entered Level 1 of the Swamp
 42408 | Swamp:1  | Noticed Nikola
 42421 | Swamp:1  | Killed Nikola
 43910 | Swamp:3  | Reached XP level 18. HP: 133/147 MP: 21/36
 43986 | Swamp:3  | Found a transporter.
 44005 | Swamp:3  | Found a transporter.
 44041 | Swamp:3  | Found a bloodstained altar of Trog.
 44347 | Swamp:3  | Found a runed translucent door.
 44443 | Swamp:4  | Entered Level 4 of the Swamp
 44526 | Swamp:3  | Reached skill level 10 in Earth Magic
 44732 | Swamp:4  | Received a gift from Sif Muna
 44867 | Swamp:4  | Got a decaying rune of Zot
 45451 | D:15     | Killed Azrael
 45474 | D:15     | Received a gift from Sif Muna
 45537 | D:15     | Got Sif Muna's Codex of Undead Moulding {god gift}
 45868 | D:15     | Found a staircase to the Depths.
 45955 | Vaults:1 | Entered Level 1 of the Vaults
 46150 | Vaults:1 | Learned a level 3 spell: Ignite Poison
 46205 | Vaults:1 | Reached skill level 1 in Fire Magic
 47065 | Vaults:1 | Reached XP level 19. HP: 125/154 MP: 5/37
 47401 | Vaults:1 | Reached skill level 15 in Shields
 47570 | Vaults:1 | Found a portal to a secret trove of treasure.
 47882 | Vaults:2 | Reached skill level 15 in Spellcasting
 47939 | Vaults:2 | Upgraded the game from 0.31-a0-175-g9f7f995f2b to
                  | 0.31-a0-182-gc5ef74bbde
 48122 | Elf:1    | Entered Level 1 of the Elven Halls
 48122 | Elf:1    | Found a runed translucent gate.
 48122 | Elf:1    | Found a runed translucent gate.
 48122 | Elf:1    | Found a runed translucent gate.
 48122 | Elf:1    | Found a runed translucent gate.
 48122 | Elf:1    | Found a runed translucent gate.
 48122 | Elf:1    | Found a runed translucent gate.
 48123 | Elf:1    | Found a runed translucent door.
 48186 | Elf:1    | Found a runed translucent door.
 48187 | Elf:1    | Upgraded the game from 0.31-a0-182-gc5ef74bbde to
                  | 0.31-a0-188-g5e087ee2ca
 48273 | Elf:1    | Identified a scroll of acquirement
 48311 | Elf:1    | Received a gift from Sif Muna
 49062 | Elf:1    | Noticed Agnes
 49068 | Elf:1    | Killed Agnes
 49352 | Elf:2    | Noticed NigelTetley's ghost (adept OpTm)
 49421 | Elf:2    | Noticed Asterion
 49425 | Elf:2    | Paralysed by an air elemental for 1 turns
 49433 | Elf:2    | Paralysed by an air elemental for 1 turns
 49537 | Elf:2    | Found a runed translucent door.
 49547 | Elf:2    | Paralysed by an air elemental for 1 turns
 49554 | Elf:2    | Paralysed by an air elemental for 1 turns
 49558 | Elf:2    | Paralysed by an air elemental for 1 turns
 49562 | Elf:2    | Paralysed by an air elemental for 1 turns
 49726 | Elf:2    | Killed Asterion
 50144 | Elf:2    | Found a runed translucent gate.
 50144 | Elf:2    | Found a runed translucent gate.
 50144 | Elf:2    | Found a runed translucent gate.
 50296 | Elf:3    | Entered Level 3 of the Elven Halls
 50347 | Elf:3    | Reached skill level 16 in Spellcasting
 50611 | Elf:3    | Noticed Zenata
 50620 | Elf:3    | Killed Zenata
 50892 | Elf:3    | Found a runed translucent door.
 50892 | Elf:3    | Noticed Esmu's ghost (adept MiFi)
 50893 | Elf:3    | Found the +8 storm bow {elec, penet}
 50900 | Elf:3    | Killed Esmu's ghost
 51122 | Elf:3    | Received a gift from Sif Muna
 51123 | Elf:3    | Got Sif Muna's Atlas of the Frostbound Figure {god gift}
 51572 | Elf:3    | Identified the +1 war axe of Ymanur {drain, rC+ Str+5 Dex+3
                  | Stlth-}
 51736 | Elf:3    | Identified the +0 chain mail "Rotsaz" {Rampage rF- rCorr}
 52114 | Elf:3    | Acquired the amulet "Firhaurgh" {Reflect Dex+3 SH+5}
 52277 | Elf:3    | Identified the +1 scimitar of Prudence {flame, rF+ Will+
                  | Int+2}
 52489 | Elf:3    | Identified the ring of Amelioration {Drain rElec Will+
                  | Str-2 Int+8}
 52576 | Elf:3    | Identified the +6 spear of Cobwebs {drain, rElec rF+ rN+
                  | Int+2}
 52577 | Elf:3    | Identified the ring "Weug" {Wiz Dex+2}
 52583 | Elf:3    | Reached skill level 17 in Spellcasting
 52617 | Elf:3    | Reached XP level 20. HP: 127/163 MP: 10/41
 52682 | Elf:3    | Identified the +3 orcbow of Batekk {freeze, Will+ Stlth+}
 52730 | Elf:3    | Identified the +2 hand axe of Linearity {heavy, rF+}
 52738 | Elf:3    | Identified the +3 trident of Tasely {protect, rPois rCorr
                  | Int-3 SInv}
 53408 | Vaults:2 | Found a staircase to the Crypt.
 53556 | Vaults:2 | Found Oqoxem's Distillery.
 54020 | Vaults:2 | Reached skill level 10 in Invocations
 54535 | Vaults:3 | You are sucked into a shaft and drop 1 floor!
 54709 | Vaults:3 | Reached skill level 18 in Spellcasting
 54710 | Vaults:3 | Received a gift from Sif Muna
 55671 | Vaults:3 | Learned a level 7 spell: Ozocubu's Refrigeration
 55795 | Vaults:4 | Identified the amulet of Autotheism {Reflect Rampage
                  | Fragile rElec Slay+3 SH+5}
 56005 | Vaults:4 | Noticed a golden dragon
 56022 | Vaults:4 | Killed a golden dragon
 56232 | Vaults:4 | Reached XP level 21. HP: 102/174 MP: 17/43
 56347 | Vaults:4 | Received a gift from Sif Muna
 56348 | Vaults:4 | Got Sif Muna's Almanac of Dislocated Gloom {god gift}
 56593 | Vaults:4 | Upgraded the game from 0.31-a0-188-g5e087ee2ca to
                  | 0.31-a0-210-gccc998df9b
 57270 | Vaults:4 | Received a gift from Sif Muna
 57274 | Vaults:4 | Got Vufruigo's Precepts of the Familiar Morgue {god gift}
 57342 | Vaults:3 | Learned a level 6 spell: Death Channel
 57748 | Depths:1 | Entered Level 1 of the Depths
 57765 | Depths:1 | Found a magical portal.
 57770 | WizLab   | Entered Doroklohe's Tomb
 58544 | Depths:1 | Found Magepude's Assorted Antiques.
 58552 | Depths:1 | Reached ****** piety under Sif Muna
 58558 | Depths:1 | Bought an embroidered hat for 168 gold pieces
 58558 | Depths:1 | Bought a wand of quicksilver (5) for 504 gold pieces
 58902 | Depths:1 | Found a gateway to Hell.
 59790 | Depths:2 | Found a one-way gate leading to the halls of Pandemonium.
 59947 | Depths:2 | Reached skill level 10 in Conjurations
 60015 | Depths:2 | Received a gift from Sif Muna
 60016 | Depths:2 | Got Sif Muna's Lectures on Alluring Outbursts {god gift}
 60106 | Depths:2 | Reached XP level 22. HP: 133/176 MP: 3/44
 60109 | Depths:2 | Reached skill level 10 in Dodging
 60414 | Depths:2 | Upgraded the game from 0.31-a0-210-gccc998df9b to
                  | 0.31-a0-214-gb37851dbb3
 60517 | Depths:2 | Found an opulent altar of Gozag.
 61473 | Depths:3 | Reached skill level 15 in Necromancy
 61686 | Depths:3 | Noticed Mara
 61690 | Depths:3 | Killed Mara
 61709 | Depths:3 | Received a gift from Sif Muna
 61713 | Depths:3 | Got Sif Muna's Annotations on Unholy Grit {god gift}
 62137 | Depths:3 | Found a radiant altar of Vehumet.
 62381 | Depths:4 | Entered Level 4 of the Depths
 62462 | Depths:4 | Found a blossoming altar of Fedhas.
 62466 | Depths:4 | Noticed a caustic shrike
 62468 | Depths:4 | Noticed a caustic shrike
 62469 | Depths:4 | Noticed a caustic shrike
 62469 | Depths:4 | Noticed a caustic shrike
 62469 | Depths:4 | Noticed a caustic shrike
 62471 | Depths:4 | Killed a caustic shrike
 62473 | Depths:4 | Killed a caustic shrike
 62474 | Depths:4 | Killed a caustic shrike
 62476 | Depths:4 | Killed a caustic shrike
 62477 | Depths:4 | Killed a caustic shrike
 62556 | Depths:4 | Found a gate to the Realm of Zot.
 62754 | Depths:4 | Found a one-way gateway to a ziggurat.
 62756 | Depths:4 | Noticed a caustic shrike
 62756 | Depths:4 | Noticed a caustic shrike
 62969 | Depths:3 | Learned a level 6 spell: Leda's Unmaking
 63270 | Lair:4   | Found a staircase to the Slime Pits.
 63534 | Vaults:2 | Bought a potion of heal wounds for 50 gold pieces
 63534 | Vaults:2 | Bought 2 potions of enlightenment for 100 gold pieces
 63534 | Vaults:2 | Bought a potion of lignification for 30 gold pieces
 63534 | Vaults:2 | Bought a potion of resistance for 100 gold pieces
 63534 | Vaults:2 | Bought a potion of invisibility for 80 gold pieces
 63534 | Vaults:2 | Bought a potion of magic for 80 gold pieces
 63534 | Vaults:2 | Bought a potion of cancellation for 80 gold pieces
 63534 | Vaults:2 | Bought a potion of enlightenment for 50 gold pieces
 63534 | Vaults:2 | Bought a potion of curing for 30 gold pieces
 63534 | Vaults:2 | Bought a potion of heal wounds for 50 gold pieces
 63534 | Vaults:2 | Bought a potion of curing for 30 gold pieces
 63776 | Slime:1  | Entered Level 1 of the Pits of Slime
 64022 | Slime:2  | Received a gift from Sif Muna
 64025 | Slime:2  | Got Xaanto's Parchment of Conflict and Ignition {god gift}
 64062 | Slime:2  | Reached skill level 5 in Transmutations
 64505 | Slime:3  | Reached XP level 23. HP: 169/188 MP: 11/45
 65098 | Slime:5  | Entered Level 5 of the Pits of Slime
 65145 | Slime:5  | Found a viscous altar of Jiyva.
 65146 | Slime:5  | Noticed the Royal Jelly
 65162 | Slime:5  | Found the +3 hat of Pondering {ponderous, Will+ MP+10
                  | Int+5}
 65206 | Slime:5  | Killed the Royal Jelly
 65409 | Slime:5  | Identified the +9 war axe "Kitextoz" {heavy, Str-4 Int+4}
 65423 | Slime:5  | Found the +8 mithril axe "Arga" {speed, Will+}
 65449 | Slime:5  | Got a slimy rune of Zot
 65461 | Slime:5  | Identified the +5 war axe "Feublamm" {holy, Int+2}
 65493 | Slime:5  | Identified the ring "Qecao" {Fly Dex+4}
 65506 | Slime:5  | Identified the ring of Tijig {*Slow rElec Str+3 Int+6}
 65507 | Slime:5  | Identified the +7 lajatang of Okawaru, Flying {vamp, rPois
                  | rC+ Str+3}
 65511 | Slime:5  | Got the Handbook of Insomnia
 65920 | Vaults:4 | Upgraded the game from 0.31-a0-214-gb37851dbb3 to
                  | 0.31-a0-232-gb1c03b2570
 65923 | Vaults:5 | Entered Level 5 of the Vaults
 65969 | Vaults:5 | Received a gift from Sif Muna
 66048 | Vaults:5 | Reached skill level 10 in Evocations
 66091 | Vaults:5 | Noticed a shard shrike
 66091 | Vaults:5 | a shard shrike changed into a juggernaut
 66091 | Vaults:5 | Noticed a juggernaut (glowing shapeshifter)
 66094 | Vaults:5 | a juggernaut changed into a shard shrike
 66094 | Vaults:5 | Noticed a shard shrike (glowing shapeshifter)
 66099 | Vaults:5 | Killed a shard shrike
 66436 | Vaults:5 | Reached XP level 24. HP: 129/202 MP: 23/45
 66480 | Vaults:5 | Reached skill level 10 in Transmutations
 66502 | Vaults:5 | Identified the +8 battleaxe of Mitu {venom, Fly rN+ Int+3}
 66503 | Vaults:5 | Received a gift from Sif Muna
 66555 | Vaults:5 | Got Sif Muna's Incunable of Violent Reconstruction {god
                  | gift}
 66629 | Vaults:5 | Got a silver rune of Zot
 66678 | Vaults:5 | Got Sif Muna's Atlas of Crystallized Kinetic Energy {god
                  | gift}
 66847 | Vaults:5 | Identified the +3 orcbow "Yluig" {drain, Drain +Blink
                  | Will++ rCorr}
 66935 | Vaults:5 | Acquired the +0 cloak of the Shoals {rC+}
 67029 | Vaults:5 | Identified the staff "Suuch" {rElec rF+ rC+ Int-5 Dex+7
                  | Ice}
 67502 | Zot:1    | Entered Level 1 of the Realm of Zot
 67599 | Zot:1    | Found a transporter.
 67815 | Zot:3    | Upgraded the game from 0.31-a0-232-gb1c03b2570 to
                  | 0.31-a0-233-g139696dc86
 69044 | Zot:4    | Reached skill level 19 in Spellcasting
 69093 | Zot:4    | Received a gift from Sif Muna
 69723 | Zot:4    | Got Sif Muna's Anthology of Lethal Modification {god gift}
 69826 | Zot:5    | Entered Level 5 of the Realm of Zot
 70041 | Zot:5    | Reached XP level 25. HP: 183/210 MP: 17/46
 70396 | Zot:5    | Reached skill level 20 in Spellcasting
 70435 | Zot:5    | Noticed an orb of fire
 70437 | Zot:5    | Noticed an orb of fire
 70446 | Zot:5    | Noticed an orb of fire
 70457 | Zot:5    | Killed an orb of fire
 70457 | Zot:5    | Noticed an orb of fire
 70472 | Zot:5    | Killed an orb of fire
 70477 | Zot:5    | Killed an orb of fire
 70694 | Zot:5    | Noticed a dread lich
 70698 | Zot:5    | Killed a dread lich
 71119 | Zot:5    | Noticed a dread lich
 71126 | Zot:5    | Killed a dread lich
 71733 | Zot:5    | Noticed an ancient lich
 71746 | Zot:5    | Killed an ancient lich
 71791 | Zot:5    | Noticed a Killer Klown
 71796 | Zot:5    | Killed a Killer Klown
 71828 | Zot:5    | Noticed an orb of fire
 72010 | Zot:5    | Learned a level 8 spell: Necromutation
 72016 | Zot:5    | Learned a level 2 spell: Passwall
 73186 | Zot:2    | Identified the +2 morningstar "Egg" {flame, Str+4 Stlth+}
 74203 | Zot:1    | Reached skill level 10 in Air Magic
 74314 | Zot:1    | Identified the amulet of Starshine {Spirit rC+ Will+
                  | Stlth+}
 74325 | Zot:1    | Noticed Vv
 74376 | Zot:1    | Killed Vv
 74696 | Zot:1    | Found a transporter.
 75205 | Crypt:1  | Entered Level 1 of the Crypt
 76485 | Crypt:2  | Received a gift from Sif Muna
 76583 | Crypt:2  | Reached XP level 26. HP: 202/217 MP: 31/47
 76666 | Crypt:2  | Found a corrupted altar of Lugonu.
 76815 | Vaults:2 | Learned a level 8 spell: Lehudib's Crystal Spear
 77145 | Zot:5    | Killed an orb of fire
 77164 | Zot:5    | Noticed an orb of fire
 77173 | Zot:5    | Killed an orb of fire
 77186 | Zot:5    | Killed an orb of fire
 77187 | Zot:5    | Reached skill level 15 in Earth Magic
 77634 | Zot:5    | Noticed an orb of fire
 77647 | Zot:5    | Killed an orb of fire
 77738 | Zot:5    | Noticed an orb of fire
 77741 | Zot:5    | Got the Orb of Zot
 77741 | Zot:5    | Noticed an orb of fire
 77744 | Zot:5    | Killed an orb of fire
 78033 | D:15     | Received a gift from Sif Muna
 78034 | D:15     | Got Sif Muna's Compilation of the First Planets {god gift}
 78302 | D:$      | Escaped with the Orb!

Illustrated notes

Levels and vault maps discovered:
D:1:      dpeg_arrival_castle, layout_loops_corners
D:2:      layout_basic, basic_altar, minmay_tripent
D:3:      kennysheep_goblin_castle, layout_loops_ring, elyvilon_altar_3,
          gammafunk_ghost_mausoleum
D:4:      cheibrodos_quashed, layout_rooms,
          grunt_temple_overflow_order_and_chaos_2,
          gammafunk_temple_overflow_wave, nicolae_ashenzari_skybound,
          nzn_hepliaklqana_mist_gate, minmay_temple_entry_glass,
          minmay_crystal_water, lightli_corner_chamber
D:5:      layout_cave_pods
D:6:      layout_loops_ring
D:7:      minmay_chambers_of_fours, layout_basic, kennysheep_flooded_box,
          abandoned_shop
D:8:      minmay_the_grid_triangle_9x9_rhombus_full
          [minmay_the_grid_triangle_9x9_wacky_v,
          minmay_the_grid_triangle_9x9_sprig,
          minmay_the_grid_triangle_9x9_corrupted_corridor,
          minmay_the_grid_triangle_9x9_zippers_vertical,
          minmay_the_grid_triangle_9x9_sparse_checkered,
          minmay_the_grid_triangle_9x9_windchime,
          minmay_the_grid_triangle_9x9_steps,
          minmay_the_grid_triangle_9x9_prize_insulated], layout_loops_corners,
          kennysheep_just_a_vault, uniq_maggie
D:9:      layout_basic, erik_lair_island, serial_corexii_hall,
          chequers_hall_statues_wall_a, chequers_hall_statues_wall_a,
          minmay_misc_feat_roman, minmay_curled_crystal, uniq_erolcha
D:10:     layout_rooms, orc_0_dummy, serial_shops, shop, st_stairs_3,
          uniq_josephine
D:11:     layout_loops_ring, minmay_door_square, uniq_harold
D:12:     minmay_tri_stars, layout_small_grid
D:13:     layout_cave_pools, uniq_urug
D:14:     layout_roguey, david_vaults_2, serial_undead, serial_undead_e,
          serial_undead_d, serial_undead_d, serial_undead_f,
          small_statue_intersection
D:15:     grunt_enter_depths_snipers, layout_long_grid, hangedman_decor_points,
          uniq_azrael
Temple:   nicolae_temple_superstar
Lair:1:   kb_forest_paths, layout_chaotic_city, basic_altar,
          chequers_serial_rivers_marsh, uniq_nergalle
Lair:2:   layout_roguey, dummy_snake_entry, basic_altar,
          nicolae_quartered_pool_super, chequers_serial_rivers_micro_c,
          lemuel_fruit_tree
Lair:3:   layout_concentric_octagons, swamp_mist, gauntlet_entry_generic,
          pdpol_lair_neglected_garden, patterned_corridor
Lair:4:   layout_misc_corridors, minmay_slime_entry_oklob_enclosed,
          minmay_holes, grunt_megastairs_2
Lair:5:   hellmonk_lair_end_abyssal_woods, layout_regular_city,
          wad_woods_road_06, grunt_forest_stairs_basic, uniq_sonja
Swamp:1:  layout_falls_marsh, evilmike_swamp_ruin_house_5, swamp_pool5,
          nicolae_swamp_wisp_ring_woods, uniq_nikola
Swamp:2:  layout_falls_marsh, nicolae_swamp_some_circles, swamp_pool1,
          hangedman_swamp_cone, hangedman_swamp_lotus,
          infiniplex_staircase_pool_2
Swamp:3:  layout_falls_marsh, gammafunk_ghost_wrathful_warriors,
          evilmike_swamp_ruin_rubble_2, swamp_pool2, nzn_swamp_weyward_sisters
Swamp:4:  grunt_swamp_rune_castle, layout_basic_swamp, swamp_pool2,
          infiniplex_staircase_pool
Snake:1:  layout_honeycomb, uniq_donald
Snake:2:  layout_cave_pods, serial_shops, shop, guppyfry_snake_island
Snake:3:  layout_grid_shapes
Snake:4:  snake_pit_salamanders_mu, layout_concentric_octagons,
          nicolae_snake_slithery_hallway, nicolae_wooded_promenade,
          beargit_elvish_explorers, uniq_saint_roka, uniq_vashnia, uniq_roxanne
Slime:1:  layout_caves, cheibrodos_slime_lost_civilization_5
Slime:2:  layout_caves
Slime:3:  layout_caves
Slime:4:  layout_caves
Slime:5
Orc:1:    layout_caves, ebering_ghost_rock_garden, serial_shops, shop,
          uniq_erica
Orc:2:    grunt_orc_tribal_feast, layout_caves, ebering_ghost_reflecting_pool,
          hellmonk_bongcloud_opening
Elf:1:    nicolae_elf_arrival_dilemma, layout_gridlike, hangedman_elf_disciples,
          lemuel_flame_loot_1, grunt_megastairs_3, uniq_agnes
Elf:2:    nicolae_elf_blades_splatter_lattice [nicolae_blade_bullseye],
          layout_gridlike, hellmonk_ghost_big_iron, uniq_asterion, uniq_louise
Elf:3:    minmay_elf_hall_furrowed, layout_geoelf_octagon,
          gammafunk_ghost_grave, uniq_zenata
Vaults:1: nicolae_vaults_closet_pinwheel_4, nicolae_vaults_shrinking_rooms_2,
          hangedman_vaults_river_flow, vaults_dpeg_hooks, vaults_mumra_hex,
          v_misc_2, ontoclasm_vaults_bender,
          nicolae_vaults_door_testing_chamber, vaults_dpeg_diagonal,
          nicolae_vaults_double_plus_3, nicolae_vaults_trapezoid_lopsided_1,
          layout_vaults_omnigrid, enter_trove_3
Vaults:2: minmay_crypt_entry_simple_round, kb_rosetta,
          nicolae_vaults_trapezoid_lopsided_1, ontoclasm_vaults_ligature,
          v_misc_5, nicolae_vaults_network_barrier, v_misc_28,
          nicolae_vaults_surprise_closet, grunt_vaults_funnel, v_rooms_5,
          nicolae_vaults_specimen_jars, layout_vaults_omnibox, serial_shops,
          nicolae_shop_crystal
Vaults:3: grunt_vaults_bifocal, hangedman_vaults_unwind,
          nicolae_vaults_spaceships, nicolae_vaults_diamond_2,
          nicolae_vaults_meeting, nicolae_vaults_yaktaur_gun_rack,
          vaults_dpeg_emergency_exit, grunt_vaults_hallway_short, v_pattern_1,
          v_misc_8, v_rooms_5, v_misc_27, layout_vaults_ring
Vaults:4: nicolae_vaults_ring_of_whatevers, dpeg_vaults_waves,
          hangedman_vaults_impose, nicolae_vaults_little_ls,
          nicolae_vaults_weapon_check, v_rooms_4,
          nicolae_vaults_windows_and_doors_thing,
          nicolae_vaults_closet_pinwheel_3, nicolae_vaults_apartment_1,
          v_misc_27, layout_vaults_big_cross
Vaults:5
Crypt:1:  layout_basic, serial_glass, glass_columns_a, glass_columns_b,
          glass_columns_c, glass_columns_b, glass_columns_a,
          due_unseen_surprise, feat_on_display, minmay_strange_pillars,
          st_stairs_13
Crypt:2:  layout_misc_corridors, lemuel_hellish_altar, uniq_mennas
Depths:1: layout_basic, hell_entry, hangedman_decor_clover_reticule,
          abyss_entry, infiniplex_enter_wizlab_spiral, kennysheep_small_square,
          grunt_megastairs_5
Depths:2: minmay_complete_graph, layout_gridlike, pf_hell_entry_tar_spiral,
          pan_entry, nicolae_gozag_cash_rules_everything_around_me
Depths:3: minmay_distorted_concentric_squares, layout_basic, basic_altar,
          abyss_entry, grunt_hell_entry_dis_grunt, rand_demon_pan_entry_9,
          uniq_mara
Depths:4: evilmike_zot_entry_argh, layout_cave_shapes, enter_ziggurat_b,
          hell_entry, abyss_entry_crystal, minmay_tree_intersection,
          lemuel_statue_altar
Zot:1:    gammafunk_sealed_arena, layout_gridville, uniq_vv, uniq_josephina
Zot:2:    layout_misc_corridors
Zot:3:    layout_misc_corridors
Zot:4:    layout_misc_corridors
Zot:5:    layout_gridlike

Skill      XL: |  1  2  3  4  5  6  7  8  9 10 11 12 13 14 15 16 17 18 19 20 21 22 23 24 25 26 |
---------------+-------------------------------------------------------------------------------+-----
Dodging        | 2 3 6 7 9 11 12 | 12.0
Fighting       | 3 4 5 7 8 9 10 12 13 14 | 14.0
Stealth        | 1 |  1.0
Earth Magic    | 1 3 4 5 6 7 9 10 12 14 16 | 16.0
Spellcasting   | 3 4 5 7 8 9 11 12 13 14 17 18 19 20 | 20.0
Conjurations   | 4 5 6 8 10 11 14 | 14.0
Invocations    | 2 3 4 5 7 8 9 10 12 13 14 | 14.0
Shields        | 3 5 12 14 15 | 15.0
Maces & Flails | 3 5 |  5.0
Necromancy     | 4 5 6 9 10 12 13 16 18 | 18.0
Evocations     | 3 5 7 8 10 | 10.0
Hexes          | 2 |  2.0
Poison Magic   | 8 |  8.0
Translocations | 6 |  6.0
Ice Magic      | 5 9 12 14 | 14.4
Air Magic      | 4 8 10 | 10.5
Transmutations | 3 5 9 14 | 14.0
Fire Magic     | 3 4 |  4.0
Polearms       | |  3.0

Action                     |  1- 3 |  4- 6 |  7- 9 | 10-12 | 13-15 | 16-18 | 19-21 | 22-24 | 25-27 || total
---------------------------+-------+-------+-------+-------+-------+-------+-------+-------+-------++-------
  Melee: Spear             |   177 |   132 |    61 |       |       |       |       |       |       ||   370
         Tailslap          |    20 |    20 |    20 |    31 |    76 |    16 |    22 |    12 |     4 ||   221
         Punch             |       |     1 |       |       |       |       |       |       |       ||     1
         Whip              |       |       |    80 |   212 |   382 |    48 |       |       |       ||   722
         Staff             |       |       |       |       |       |    30 |       |       |       ||    30
         Scimitar          |       |       |       |       |       |       |    63 |    38 |    20 ||   121
  Throw: Stone             |    30 |     3 |       |       |       |       |       |       |       ||    33
         Dart              |       |     8 |     1 |    10 |       |     1 |       |     1 |       ||    21
         Throwing net      |       |       |       |       |       |       |       |     2 |       ||     2
   Cast: Stone Arrow       |       |    14 |    97 |   349 |   543 |   336 |   418 |    65 |       ||  1822
         Vampiric Draining |       |       |    18 |       |     3 |       |       |       |       ||    21
         Momentum Strike   |       |       |       |     1 |       |       |       |       |       ||     1
         Kiss of Death     |       |       |       |     1 |       |       |       |       |       ||     1
         Dispel Undead     |       |       |       |     2 |    34 |       |    33 |    12 |   116 ||   197
         Olgreb's Toxic Ra |       |       |       |       |   159 |    31 |    96 |    21 |     9 ||   316
         Iskenderun's Myst |       |       |       |       |    20 |    36 |    24 |       |       ||    80
         Freezing Cloud    |       |       |       |       |    23 |   172 |    83 |    47 |    16 ||   341
         Apportation       |       |       |       |       |     1 |    20 |     9 |    24 |     2 ||    56
         Lee's Rapid Decon |       |       |       |       |       |     9 |     4 |     9 |     7 ||    29
         Simulacrum        |       |       |       |       |       |    95 |    81 |   188 |    55 ||   419
         Borgnjor's Vile C |       |       |       |       |       |    51 |   146 |    89 |    45 ||   331
         Ignite Poison     |       |       |       |       |       |     5 |    40 |     9 |     2 ||    56
         Blink             |       |       |       |       |       |     3 |       |       |       ||     3
         Ozocubu's Refrige |       |       |       |       |       |       |     1 |       |       ||     1
         Death Channel     |       |       |       |       |       |       |    11 |    60 |    29 ||   100
         Leda's Unmaking   |       |       |       |       |       |       |       |   139 |   111 ||   250
         Maxwell's Capacit |       |       |       |       |       |       |       |     1 |     3 ||     4
         Polar Vortex      |       |       |       |       |       |       |       |     1 |       ||     1
         Necromutation     |       |       |       |       |       |       |       |       |    35 ||    35
         Passwall          |       |       |       |       |       |       |       |       |     4 ||     4
         Lehudib's Crystal |       |       |       |       |       |       |       |       |    22 ||    22
 Invoke: Channel Magic     |       |       |       |       |     2 |     5 |     2 |     8 |     1 ||    18
         Divine Exegesis   |       |       |       |       |       |       |       |     2 |     3 ||     5
Ability: End Transformatio |       |       |       |       |       |       |       |       |     4 ||     4
  Evoke: Wand              |       |     3 |       |    13 |    17 |     4 |     8 |    26 |     3 ||    74
         Condenser vane    |       |       |       |     1 |     1 |       |     1 |     1 |       ||     4
         Phial of floods   |       |       |       |     1 |       |     1 |       |       |       ||     2
         Phantom mirror    |       |       |       |     1 |       |     1 |       |       |       ||     2
         Lightning rod     |       |       |       |       |     3 |     2 |       |     2 |       ||     7
    Use: Scroll            |     7 |     3 |     3 |    15 |     9 |     9 |     7 |    12 |     8 ||    73
         Potion            |       |     1 |       |     6 |     7 |     4 |     1 |     8 |    10 ||    37
   Stab: Sleeping          |     1 |       |       |       |       |       |       |       |       ||     1
         Distracted        |       |       |       |       |       |       |     2 |       |       ||     2
 Armour: Skin              |    41 |    42 |    63 |   151 |   317 |   123 |   184 |   161 |   114 ||  1196
  Dodge: Dodged            |    61 |    76 |    92 |   231 |   406 |   133 |   150 |   161 |    78 ||  1388
  Block: Buckler           |       |     7 |    66 |   115 |   302 |    14 |       |       |       ||   504
         Kite shield       |       |       |       |       |       |   233 |   347 |   237 |   172 ||   989
         Reflection        |       |       |       |       |       |       |     2 |       |       ||     2

Table legend: (Time is in decaauts)
 A = Elapsed time spent in this place.
 B = Non-inter-level travel time spent in this place.
 C = Inter-level travel time spent in this place.
 D = Time resting spent in this place.
 E = Time spent auto-exploring this place.
 F = Levels seen in this place.
 G = Mean time per level.
                   A        B        C        D        E       F      G
               +--------+--------+--------+--------+--------+-----+--------+
         Total |  79319 |  71387 |   7932 |  25312 |  28499 |  57 | 1391.6 |
       Dungeon |  24923 |  21286 |   3637 |   8714 |   8357 |  15 | 1661.5 |
        Temple |    149 |    115 |     34 |      0 |    100 |   1 |  149.0 |
          Lair |   9617 |   8656 |    961 |   3774 |   3367 |   5 | 1923.4 |
         Swamp |   2789 |   2633 |    156 |    466 |   1498 |   4 |  697.2 |
     Snake Pit |   8029 |   7554 |    475 |   3319 |   2646 |   4 | 2007.2 |
    Slime Pits |   1838 |   1632 |    206 |     74 |    910 |   5 |  367.6 |
  Orcish Mines |   2347 |   2054 |    293 |    839 |    771 |   2 | 1173.5 |
   Elven Halls |   5062 |   4593 |    469 |   1712 |   1997 |   3 | 1687.3 |
        Vaults |   8447 |   7777 |    670 |   1784 |   3620 |   5 | 1689.4 |
         Crypt |   1446 |   1375 |     71 |    418 |    585 |   2 |  723.0 |
        Depths |   5498 |   4790 |    708 |   1102 |   2294 |   4 | 1374.5 |
           Zot |   7899 |   7652 |    247 |   2340 |   2160 |   5 | 1579.8 |
        Wizlab |    617 |    617 |      0 |    547 |      0 |   1 |  617.0 |
      Gauntlet |    651 |    651 |      0 |    221 |    193 |   1 |  651.0 |
               +--------+--------+--------+--------+--------+-----+--------+

Top non-repeatable levels by time:
     D:8: 3310 daAuts
  Lair:5: 3075 daAuts
   Zot:5: 2908 daAuts
 Snake:4: 2855 daAuts
    D:14: 2479 daAuts
     D:7: 2394 daAuts
   Elf:3: 2261 daAuts
   Zot:3: 2185 daAuts
Depths:2: 2130 daAuts
 Snake:1: 2114 daAuts
    D:10: 2061 daAuts
    D:12: 1995 daAuts
Vaults:4: 1974 daAuts
  Lair:1: 1963 daAuts
     D:9: 1943 daAuts
